 Dungeon Crawl Stone Soup version 0.20.1-1-g8b1a95d (webtiles) character file.

28 JamesWinter the Skirmisher (level 2, -1/25 HPs)
             Began as a Demonspawn Abyssal Knight on Aug 14, 2017.
             Was a Follower of Lugonu.
             Slain by an adder (3 damage)
             ... on level 2 of the Dungeon.
             The game lasted 00:11:39 (931 turns).

JamesWinter the Skirmisher (DsAK)                    Turns: 931, Time: 00:11:39

Health: -1/25      AC:  5    Str: 12    XL:     2   Next: 96%
Magic:  3/3        EV: 10    Int: 13    God:    Lugonu [*.....]
Gold:   45         SH:  0    Dex: 12    Spells: 1/1 levels left

rFire    . . .     SeeInvis .   a - +1 mace
rCold    . . .     Gourm    .   (no shield)
rNeg     . . .     Faith    .   k - +0 ring mail
rPois    .         Spirit   .   (no helmet)
rElec    .         Reflect  .   (no cloak)
rCorr    .         Harm     .   (no gloves)
MR       +....                  g - -1 pair of boots (curse)
Stlth    +.........             (no amulet)
Regen    0.1/turn               (no ring)
MPRegen  0.1/turn               (no ring)

@: lethally poisoned (-1 -> -10), about to teleport
A: blurry vision 1, magic resistance 1, rot immunity
a: Depart the Abyss, Renounce Religion


You were on level 2 of the Dungeon.
You worshipped Lugonu.
Lugonu was aware of your devotion.
You were not hungry.

You visited 1 branch of the dungeon, and saw 2 of its levels.
You visited the Abyss 1 time.

You collected 45 gold pieces.

Inventory:

Hand Weapons
 a - a +1 mace (weapon)
 h - a +0 dagger
 i - a +0 hand axe
Missiles
 d - 71 stones (quivered)
 j - 4 javelins
Armour
 b - a +1 leather armour
 g - a cursed -1 pair of boots (worn)
 k - a +0 ring mail (worn)
 m - a +0 robe
Jewellery
 e - an uncursed amulet of the gourmand
Comestibles
 c - a bread ration


   Skills:
 + Level 3.7 Fighting
 * Level 0.1(1.1) Axes
 - Level 1.9 Maces & Flails
 + Level 0.1 Throwing
 + Level 2.1 Armour
 + Level 1.0 Dodging
 + Level 2.5 Invocations


You had one spell level left.
You didn't know any spells.

Dungeon Overview and Level Annotations

Branches:
Dungeon (2/15)

Altars:


Innate Abilities, Weirdness & Mutations

You are immune to rotting.
Scrolls take you a little longer to read.
You are resistant to hostile enchantments. (MR+)


Message History

* * * LOW HITPOINT WARNING * * *
As you read the scroll of teleportation, it crumbles to dust.
You feel strangely unstable.
You remove your amulet of the gourmand.
The adder bites you.
* * * LOW HITPOINT WARNING * * *
Really read with blurry vision while enemies are nearby?
* * * LOW HITPOINT WARNING * * *
You feel sick.
You begin reading the scroll.
You continue reading the scroll.
* * * LOW HITPOINT WARNING * * *
You feel sick. The adder misses you.
As you read the scroll labeled ZYANOF LEIWKIGEI, it crumbles to dust.
You feel aware of your surroundings.
It was a scroll of magic mapping.
* * * LOW HITPOINT WARNING * * *
You feel sick. The adder barely misses you.
You closely miss the adder.
The adder is moderately wounded.
* * * LOW HITPOINT WARNING * * *
You feel sick. The adder bites you.
You die...

#.# ** ##.# *, #.>#
**, #.## ****,,
#.## **,,,,, #..#
**,,***,
#####..###*,,** *,
#.......?##,*****,
#@S(...#..##**,,,,
#..........#*,,*,,
#....#.#....#**,,,
*#...#........**,,,
#.......#.#.#.**,,,
##.....#......,*,,,
#....#...#...*,,,,
#...#...#....,,,,,
#..#,,.......***,,


You could see an adder.

Vanquished Creatures
  3 dart slugs
  2 leopard geckos (D:1)
  2 hobgoblins
  4 kobolds (D:1)
  A bat (D:2)
  3 goblins
  5 rats (D:1)
20 creatures vanquished.

Notes
Turn   | Place    | Note
-------+----------+-------------------------------------------
     0 | Abyss:1  | JamesWinter the Demonspawn Abyssal Knight began the quest for the Orb.
     0 | Abyss:1  | Reached XP level 1. HP: 18/18 MP: 2/2
     4 | D:1      | Escaped the Abyss
   369 | D:1      | Gained mutation: Scrolls take you a little longer to read. [potion of mutation]
   369 | D:1      | Gained mutation: You are resistant to hostile enchantments. (MR+) [potion of mutation]
   385 | D:1      | Reached * piety under Lugonu
   385 | D:1      | Gained mutation: You are immune to rotting. [demonic ancestry]
   385 | D:1      | Reached XP level 2. HP: 23/24 MP: 3/3
   476 | D:2      | Reached skill level 1 in Dodging
   931 | D:2      | Slain by an adder

Skill      XL: |  1  2 |
---------------+-------+-----
Armour         | 2 |  2.1
Dodging        | 1 |  1.0
Fighting       | |  3.7
Axes           | |  0.1
Maces & Flails | |  1.9
Throwing       | |  0.1
Invocations    | |  2.5

Action                   || total
-------------------------++-------
Melee: Mace              ||    63
Throw: Stone             ||    46
       Javelin           ||     2
Invok: Depart the Abyss  ||     1
  Use: Scroll            ||     4
       Potion            ||     2
Armor: Leather armour    ||     2
       Ring mail         ||    39
Dodge: Dodged            ||    64
